Introsp3ctive, chaotic male orcish Rogue --------- -------------------------------- ........| |..............................| |.......| |*------+--------------..-----.| |....<..| |.|....| |...|....| +..+ |.| ##-.......| |.|....| |...|....| |..| |.| ## ....----- |.--|-----|...||------|..| |..###### #### |..)...|..|...|)|..|%!|.-----|.| # ### |.----.|..||.-..|..|%%|.|.)....| ### # ## ` )|.|..-.-|--(.{...|.|..|...._.|.. # ## --.-- #|.|..|...@.*.d.....-|--.-....|.|## #|...| ..|---|---.-(--[--......|....|.| #### ....| #|.|.(|...|.-..|.(|--|--------|.| #-...| #|.|..|(((|.|..|..|....|#.|...-.| ###----- |.|..|((.|.---|!!|....|..|...|.| # |)-)------..{.---------|------.-#### |.....(.*......................| -------------------------------- Introsp3ctive the Rogue Experience level: 7 Strength: 18 Dexterity: 18 Constitution: 15 Intelligence: 8 Wisdom: 9 Charisma: 13 Health: 42(42) Energy: 17(17) Def: 7 Gold: 53 Moves: 5391 Dungeon seed: dUrbIzRC8W8Ucjr5 Game ID: Introsp3ctive_1467516089 Your Inventory: Coins $ - 53 gold pieces Weapons a - an uncursed corroded +0 orcish short sword (weapon in hand) b - 12 uncursed +0 daggers (in quiver) Armor e - an uncursed +1 leather armor (being worn) q - an uncursed +0 dwarvish iron helm (being worn) u - an uncursed +0 pair of iron shoes (being worn) y - an uncursed +0 dwarvish cloak (being worn) Potions E - an uncursed potion of gain level K - an uncursed potion of object detection Wands A - an uncursed wand of fire (0:5) B - an uncursed wand of lightning (0:7) Tools d - an uncursed lock pick f - an uncursed sack v - an uncursed tin whistle w - an uncursed magic marker (0:86) x - an uncursed saddle C - an uncursed mirror R - an uncursed oilskin sack named <> Contents of the sack: an uncursed +2 dagger an uncursed clove of garlic an uncursed potion of invisibility an uncursed potion of sickness an uncursed potion of water an uncursed wand of speed monster (0:3) an uncursed wand of striking (0:5) an uncursed blindfold an uncursed +0 pick-axe 5 uncursed tallow candles (0:200) an uncursed luckstone named <> an uncursed worthless piece of green glass an uncursed worthless piece of red glass Spells and supernatural/magical abilities: Name Level Category Fail Memory W - pray for help -- divine ? -- Your skills at the end: Fighting Skills Weapon Skills dagger [Skilled] short sword [Skilled] Spellcasting Skills Final Attributes: You were piously aligned. You were poison resistant. You had infravision. You were stealthy. You are dead. Vanquished creatures: a large mimic a small mimic a chickatrice a dingo a gnome mummy 4 human zombies a water nymph 3 Mordor orcs a rock mole a pony 7 gnome lords 3 gnomish wizards 3 gray oozes a ghoul 8 dwarves 5 rothes 5 monkeys an orc zombie 2 iguanas 3 killer bees 3 acid blobs 2 coyotes 5 hobbits a hobgoblin a brown mold 2 yellow molds a red mold 33 gnomes 5 garter snakes a gecko 6 jackals 3 kobolds 3 sewer rats 2 grid bugs 4 bats 3 lichens a kobold zombie 7 newts 136 creatures vanquished. Voluntary challenges: You had been an atheist until turn 3491. You used a wielded weapon 125 times, starting on turn 166. You read items or engraved 5 times, starting on turn 1405. You never genocided any monsters. You never polymorphed an object. You never changed form. You used no wishes. You never split a pudding. You never wrote Elbereth's name. You violated your moral code, losing 13 points of alignment, starting on turn 5278. Dungeon overview: The Dungeons of Doom: levels 1 to 6 Level 1 some fountains a long staircase Level 2 Level 3 a general store, a fountain stairs to The Gnomish Mines Level 4 a fountain Level 5 a general store Level 6 a fountain The Gnomish Mines: levels 4 to 7 Level 4 stairs to The Dungeons of Doom Level 5 Level 6 Level 7 <- You were here many shops, a temple to Kos, some fountains, a sink History has recorded: On T:1 you entered the Dungeons of Doom to retrieve the Amulet of Yendor! On T:328 you reached level 2 of The Dungeons of Doom. On T:388 you reached level 3 of The Dungeons of Doom. On T:680 you advanced to experience level 2. On T:902 you reached level 4 of The Dungeons of Doom. On T:1287 you advanced to experience level 3. On T:1378 you advanced to experience level 4. On T:1737 you advanced to experience level 5. On T:1896 you reached level 6 of The Dungeons of Doom. On T:2700 you reached level 1 of The Gnomish Mines. On T:3110 you advanced to experience level 6. On T:4359 you reached level 3 of The Gnomish Mines. On T:4532 you reached level 4 of The Gnomish Mines. On T:4549 you advanced to experience level 7. Score breakdown: Gold: 53 ( 5893 points) Experience: 7 levels (13645 points) Exploration: 7 levels ( 14.00%) (10497 points) Discoveries: 16 items ( 5.57%) ( 7083 points) Valuables value: (no points given unless you survive) Artifact value: 0 ( 0 points) Variety of kills: 38 monsters ( 9.97%) ( 9474 points) Turncount: 5391 turns (-1465 points) Survival: died (score multiplied by 80%) Total score: 36101 Latest messages: You have a little trouble lifting F - a partly eaten lichen corpse. The priest of Kos intones: "Pilgrim, you enter a sacred place!" You experience a strange sense of peace. A partly eaten lichen corpse lands on the altar. Nothing happens. You have a little trouble lifting F - an uncursed partly eaten lichen corpse. You resume your meal. You finish eating the lichen corpse. Luna Bear picks up an uncursed dagger. Luna Bear drops an uncursed dagger. You see here a curved sword. There are a few objects here. Luna Bear picks up a curved sword. You see here a chickatrice corpse. Touching the chickatrice corpse is a fatal mistake... You turn to stone... The oilskin sack named <> is empty. The oilskin sack named <> is empty. Final status: Goodbye Introsp3ctive the Rogue, petrified by picking up a chickatrice corpse... You turned to stone in The Gnomish Mines on dungeon level 7 with 36101 points, and 53 pieces of gold, after 5391 moves. You were level 7 with a maximum of 42 hit points when you turned to stone.